Map: Terraform LE (Void)

Players

ChitogeBesto

  • Race: Zerg Zerg
  • League: Master

TomikuS - Winner!

  • Race: Zerg Zerg
  • League: Grandmaster

Event: Lycan League Weekly August #1

VOD

Have the link to the VOD?

Description

Time

  • Played on: Aug. 3, 2015, 12:54 p.m.
  • Length: 5:57

All games in this series

Show
View Real Time Build Order
Export as new Build Order

ChitogeBesto Zerg 

Build Orders: Hatch First 

Get SALT Encoding   

  12  0:01  Drone  
  13  0:13  Overlord  
  13  0:19  Drone  
  14  0:30  Drone, Extractor  
  14  0:33  Drone  
  16  0:36  Drone  
  17  0:54  Hatchery  
  17  0:56  Drone  
  17  1:10  Spawning Pool  
  16  1:16  Drone x2  
  18  1:19  Extractor  
  18  1:22  Drone  
  18  1:29  Drone  
  19  1:40  Overlord  
  19  1:52  Drone  
  20  1:57  Queen  
  22  2:04  Zergling x2  
  22  2:05  Queen  
  22  2:07  Drone  
  26  2:18  Drone x2  
  28  2:24  Drone  
  28  2:28  Metabolic Boost  
  29  2:32  Drone  
  30  2:38  Drone x2  
  30  2:41  Queen  
  34  2:48  Drone  
  34  2:49  Overlord  
  36  2:58  Drone  
  36  3:03  Drone  
  36  3:13  Zergling x10  
  36  3:19  Drone  
  42  3:34  Evolution Chamber  
  41  3:35  Roach Warren  
  40  3:41  Overlord  
  40  3:42  Extractor x2  
  36  3:53  Spine Crawler  
  36  3:55  Spine Crawler  
  34  4:02  Zergling x20  
  42  4:03  Zergling x2  
  28  4:28  Roach x5  
  21  4:54  Roach x3  
  21  4:55  Roach x3  
  33  5:06  Zergling x4  
  35  5:15  Zergling x2  
Show
View Real Time Build Order
Export as new Build Order

TomikuS Zerg - Winner!

Build Orders: Hatch First 

Get SALT Encoding   

  12  0:02  Drone  
  13  0:13  Overlord  
  13  0:19  Drone  
  14  0:31  Drone x2  
  16  0:36  Drone  
  17  0:46  Drone  
  18  0:57  Hatchery  
  18  1:02  Drone  
  18  1:09  Extractor  
  17  1:15  Spawning Pool  
  17  1:18  Drone  
  17  1:21  Drone  
  18  1:28  Drone  
  19  1:42  Drone  
  20  1:51  Overlord  
  20  2:02  Drone  
  21  2:10  Queen x2  
  21  2:11  Metabolic Boost  
  21  2:13  Drone x2  
  27  2:20  Zergling x2  
  28  2:24  Overlord  
  28  2:31  Drone  
  29  2:39  Baneling Nest  
  29  2:41  Drone x2  
  30  2:52  Overlord  
  30  2:53  Drone  
  31  3:15  Queen  
  31  3:16  Zergling x2  
  31  3:17  Zergling x8  
  38  3:20  Zergling x2  
  38  3:21  Zergling x12  
  45  3:41  Baneling x2  
  45  3:43  Overlord  
  45  3:44  Zergling x8  
  48  3:57  Zergling x2  
  48  3:58  Zergling x2  
  48  4:04  Zergling x2  
  48  4:05  Zergling x2  
  48  4:14  Baneling x3  
  47  4:22  Roach Warren, Zergling x4  
  44  4:25  Zergling x2  
  40  4:42  Zergling x12  
  40  4:43  Zergling x6  
  44  4:54  Lair  
  42  5:07  Extractor  
  42  5:10  Zergling x18  
  42  5:11  Zergling x6  

Tags
 
Add a new tag
Caveats
  • Supply blocks, unpowered buildings, or Contaminate may cause inaccurate times.
  • Supply counts are checked every 10 seconds.